 Dungeon Crawl Stone Soup version 0.23.2-40-g277498a001 (webtiles) character file.

Game seed: 1418513140577213696

1928 EtherCrawl the Charlatan (level 9, 0/66 HPs)
             Began as a Gnoll Artificer on Sept 3, 2019.
             Was a Follower of Cheibriados.
             Slain by Menkaure (8 damage)
             ... on level 7 of the Dungeon.
             The game lasted 00:15:09 (6738 turns).

EtherCrawl the Charlatan (Gnoll Artificer)          Turns: 6738, Time: 00:15:09

Health: 0/66       AC: 13    Str: 19    XL:     9   Next: 17%
Magic:  11/14      EV:  9    Int: 18    God:    Cheibriados [*.....]
Gold:   327        SH:  0    Dex: 19    Spells: 15/15 levels left

rFire    . . .     SeeInvis .   g - +1 mace (drain)
rCold    . . .     Gourm    .   (no shield)
rNeg     . . .     Faith    .   R - +0 plate armour
rPois    +         Spirit   .   (no helmet)
rElec    .         Reflect  .   (no cloak)
rCorr    .         Harm     .   M - +1 pair of gloves
MR       +....                  (no boots)
Stlth    ..........             q - amulet of regeneration
HPRegen  0.61/turn              Q - ring of poison resistance
MPRegen  0.14/turn              B - ring of protection from magic

@: very slow
A: distributed training, fangs 1, strong nose
a: Bend Time, Renounce Religion


You were on level 7 of the Dungeon.
You worshipped Cheibriados.
Cheibriados was aware of your devotion.
You were not hungry.

You visited 2 branches of the dungeon, and saw 8 of its levels.

You collected 327 gold pieces.

Inventory:

Hand Weapons
 g - a +1 mace of draining (weapon)
 r - a +0 hunting sling
 w - a +0 war axe
 C - a +0 shortbow
 D - a +1 dagger of venom
 F - a +0 trident
Missiles
 k - 86 stones (quivered)
 s - 53 arrows
 N - 3 javelins
 S - 5 tomahawks
Armour
 E - a +0 shield
 M - a +1 pair of gloves (worn)
 O - a +0 leather armour of fire resistance
 R - a +0 plate armour (worn)
Magical Staves
 G - an uncursed staff of summoning {unknown}
Jewellery
 i - an uncursed ring of protection from cold
 q - an amulet of regeneration (around neck)
 B - a ring of protection from magic (right hand)
 J - an uncursed amulet of guardian spirit {unknown}
 Q - a ring of poison resistance (left hand)
Wands
 c - a wand of flame (15)
 d - a wand of enslavement (15)
Scrolls
 l - 2 scrolls of immolation
 o - 3 scrolls of remove curse
 v - 3 scrolls of fog
 x - a scroll of amnesia {unknown}
 y - 3 scrolls of teleportation {unknown}
 I - a scroll of enchant weapon {unknown}
 L - a scroll of silence {unknown}
 P - 2 scrolls of enchant armour {unknown}
Potions
 b - a potion of degeneration {unknown}
 h - 2 potions of might {unknown}
 j - a potion of agility {unknown}
 m - 4 potions of curing {unknown}
 n - 2 potions of berserk rage {unknown}
 u - a potion of ambrosia {unknown}
 z - a potion of flight {unknown}
 H - a potion of haste {unknown}
 K - a potion of heal wounds {unknown}
Comestibles
 a - 5 chunks of flesh
 f - 8 rations


   Skills:
 + Level 4.7 Fighting
 + Level 4.7 Short Blades
 + Level 3.9 Long Blades
 + Level 3.9 Axes
 + Level 3.9 Maces & Flails
 + Level 3.9 Polearms
 + Level 3.9 Staves
 + Level 3.9 Slings
 + Level 3.9 Bows
 + Level 3.9 Crossbows
 + Level 3.9 Throwing
 + Level 3.9 Armour
 + Level 6.1 Dodging
 + Level 4.6 Stealth
 + Level 3.9 Shields
 + Level 3.9 Unarmed Combat
 + Level 3.9 Spellcasting
 + Level 3.2 Conjurations
 + Level 3.2 Hexes
 + Level 3.2 Charms
 + Level 3.2 Summonings
 + Level 3.2 Necromancy
 + Level 3.2 Translocations
 + Level 3.2 Transmutations
 + Level 3.2 Fire Magic
 + Level 3.2 Ice Magic
 + Level 3.2 Air Magic
 + Level 3.2 Earth Magic
 + Level 3.2 Poison Magic
 + Level 4.3 Invocations
 + Level 7.7 Evocations


You had 15 spell levels left.
You didn't know any spells.
Your spell library contained the following spells:

 Spells                   Type           Power        Failure   Level  Hunger
 Flame Tongue             Conj/Fire      ###..        78%         1    None
 Throw Flame              Conj/Fire      ###...       89%         2    ##.....
 Conjure Flame            Conj/Fire      ###.....     98%         3    ###....
 Inner Flame              Hex/Fire       ###.....     98%         3    ###....
 Sticky Flame             Conj/Fire      ###.....     100%        4    ####...
 Fireball                 Conj/Fire      ###.......   100%        5    ######.


Dungeon Overview and Level Annotations

Branches:
Dungeon (7/15)             Temple (1/1) D:5

Altars:
Ashenzari
Cheibriados
Dithmenos
Elyvilon
Fedhas
Gozag
Kikubaaqudgha
Makhleb
Nemelex Xobeh
Okawaru
Qazlal
Ru
Sif Muna
Uskayaw
Vehumet
Wu Jian
Xom
Yredelemnul
Zin
The Shining One

Shops:
D:6 :

Annotations:
D:3 2 transporters, Meegle's ghost, amateur DENe
D:7 Menkaure


Innate Abilities, Weirdness & Mutations

Your experience applies equally to all skills.
You have very sharp teeth.
Your uncanny sense of smell can sniff out nearby items.


Message History

Menkaure is moderately damaged.
Menkaure closely misses you.
You completely miss Menkaure. You bite Menkaure, but do no damage.
Menkaure is moderately damaged.
Menkaure gestures at you while chanting.
You easily resist.
Menkaure hits you!
* * * LOW HITPOINT WARNING * * *
You hit Menkaure.
Menkaure is heavily damaged.
Menkaure hits you!
* * * LOW HITPOINT WARNING * * *
You barely miss Menkaure. Your bite misses Menkaure.
Menkaure is heavily damaged.
Menkaure calls on the powers of darkness!
Your body is wracked with pain!
* * * LOW HITPOINT WARNING * * *
The flow of time bends around you.
Cheibriados rebukes Menkaure.
Menkaure seems to slow down.
You feel slightly more hungry. Menkaure hits you!
You die...

.# .# #. .# #. .#
##+## # #. .# ##...##
#.###.##.# ##.....##
#......M.# ##.......##
####...@####.........#
...........'......>..+
∆
#####...####.........#
##.## ##...÷...## #.
##.....## #. ##...##
#. ##'## #. #.# #####
#. #.# #....


You could see Menkaure.

Vanquished Creatures
  2 phantoms
  An orc warrior (D:6)
  An ice beast (D:5)
  A black bear (D:6)
  A centaur (D:5)
  2 bullfrogs (D:6)
  3 scorpions
  2 howler monkeys (D:5)
  2 crimson imps (D:6)
  2 bullfrog zombies (D:5)
  A jelly (D:5)
  5 orc priests
  An iron imp (D:6)
  10 orc wizards
  Terence (D:3)
  2 iguanas
  A hound skeleton (D:5)
  11 adders
  11 gnolls
  An ooze (D:3)
  An adder zombie (D:5)
  5 worms
  2 dart slugs
  6 leopard geckos
  23 orcs
  A ball python (D:5)
  7 bats
  4 giant cockroaches
  A goblin (D:1)
  7 hobgoblins
  5 jackals
  5 quokkas
  9 frilled lizards
  4 kobolds
  A leopard gecko skeleton (D:5)
  2 quokka skeletons
  5 rats
149 creatures vanquished.

Notes
Turn   | Place    | Note
-------+----------+-------------------------------------------
     0 | D:1      | EtherCrawl the Gnoll Artificer began the quest for the Orb.
     0 | D:1      | Reached XP level 1. HP: 17/17 MP: 4/4
   206 | D:1      | Reached XP level 2. HP: 13/23 MP: 6/6
   925 | D:2      | Reached XP level 3. HP: 24/28 MP: 7/7
  1175 | D:2      | Reached skill level 1 in Invocations
  1394 | D:2      | Found a shattered altar of Ashenzari.
  1603 | D:3      | Noticed Terence
  1619 | D:3      | Killed Terence
  1619 | D:3      | Reached skill level 1 in Long Blades
  1619 | D:3      | Reached skill level 1 in Axes
  1619 | D:3      | Reached skill level 1 in Maces & Flails
  1619 | D:3      | Reached skill level 1 in Polearms
  1619 | D:3      | Reached skill level 1 in Staves
  1619 | D:3      | Reached skill level 1 in Slings
  1619 | D:3      | Reached skill level 1 in Bows
  1619 | D:3      | Reached skill level 1 in Crossbows
  1619 | D:3      | Reached skill level 1 in Throwing
  1619 | D:3      | Reached skill level 1 in Armour
  1619 | D:3      | Reached skill level 1 in Shields
  1619 | D:3      | Reached skill level 1 in Unarmed Combat
  1619 | D:3      | Reached skill level 1 in Spellcasting
  1619 | D:3      | Reached XP level 4. HP: 18/34 MP: 8/8
  2020 | D:3      | Reached skill level 1 in Conjurations
  2020 | D:3      | Reached skill level 1 in Hexes
  2020 | D:3      | Reached skill level 1 in Charms
  2020 | D:3      | Reached skill level 1 in Summonings
  2020 | D:3      | Reached skill level 1 in Necromancy
  2020 | D:3      | Reached skill level 1 in Translocations
  2020 | D:3      | Reached skill level 1 in Transmutations
  2020 | D:3      | Reached skill level 1 in Fire Magic
  2020 | D:3      | Reached skill level 1 in Ice Magic
  2020 | D:3      | Reached skill level 1 in Air Magic
  2020 | D:3      | Reached skill level 1 in Earth Magic
  2020 | D:3      | Reached skill level 1 in Poison Magic
  2061 | D:3      | Reached XP level 5. HP: 18/40 MP: 9/9
  2438 | D:3      | Found a transporter.
  2442 | D:3      | Found a transporter.
  2442 | D:3      | Noticed Meegle's ghost (amateur DENe)
  2764 | D:4      | Noticed a phantom
  2862 | D:3      | Reached XP level 6. HP: 39/47 MP: 11/11
  2996 | D:3      | Killed a phantom
  2996 | D:3      | Reached skill level 5 in Dodging
  3043 | D:4      | Found an opulent altar of Gozag.
  3043 | D:4      | Found Gozag's Platinum Reserve.
  3252 | D:4      | Reached XP level 7. HP: 47/52 MP: 12/12
  3486 | D:5      | Entered Level 5 of the Dungeon
  3549 | D:5      | Reached skill level 7 in Evocations
  3841 | D:5      | Reached XP level 8. HP: 17/60 MP: 13/13
  4422 | D:5      | Found a blossoming altar of Fedhas.
  4857 | D:5      | Found a staircase to the Ecumenical Temple.
  5147 | Temple   | Entered the Ecumenical Temple
  5320 | Temple   | Became a worshipper of Cheibriados the Contemplative
  5350 | D:6      | Found a sparkling altar of Nemelex Xobeh.
  5435 | D:6      | Found a white marble altar of Elyvilon.
  5521 | D:6      | Found Ycrelui's Book Boutique.
  5801 | D:6      | Reached * piety under Cheibriados
  5801 | D:6      | Reached XP level 9. HP: 60/66 MP: 14/14
  5851 | D:6      | Found a glowing drain.
  5987 | D:6      | Found a snail-covered altar of Cheibriados.
  6727 | D:7      | Noticed Menkaure
  6738 | D:7      | Slain by Menkaure

Skill      XL: |  1  2  3  4  5  6  7  8  9 |
---------------+----------------------------+-----
Invocations    | 1 2 3 4 |  4.3
Long Blades    | 1 2 3 |  3.9
Axes           | 1 2 3 |  3.9
Maces & Flails | 1 2 3 |  3.9
Polearms       | 1 2 3 |  3.9
Staves         | 1 2 3 |  3.9
Slings         | 1 2 3 |  3.9
Bows           | 1 2 3 |  3.9
Crossbows      | 1 2 3 |  3.9
Throwing       | 1 2 3 |  3.9
Armour         | 1 2 3 |  3.9
Shields        | 1 2 3 |  3.9
Unarmed Combat | 1 2 3 |  3.9
Spellcasting   | 1 2 3 |  3.9
Conjurations   | 1 2 3 |  3.2
Hexes          | 1 2 3 |  3.2
Charms         | 1 2 3 |  3.2
Summonings     | 1 2 3 |  3.2
Necromancy     | 1 2 3 |  3.2
Translocations | 1 2 3 |  3.2
Transmutations | 1 2 3 |  3.2
Fire Magic     | 1 2 3 |  3.2
Ice Magic      | 1 2 3 |  3.2
Air Magic      | 1 2 3 |  3.2
Earth Magic    | 1 2 3 |  3.2
Poison Magic   | 1 2 3 |  3.2
Fighting       | 3 4 |  4.7
Short Blades   | 3 4 |  4.7
Stealth        | 3 4 |  4.6
Dodging        | 5 6 |  6.1
Evocations     | 7 |  7.7

Action                   |  1- 3 |  4- 6 |  7- 9 || total
-------------------------+-------+-------+-------++-------
Melee: Short sword       |    86 |       |       ||    86
       Bite              |    19 |    23 |    40 ||    82
       Rapier            |    23 |   129 |       ||   152
       Mace              |       |    94 |   362 ||   456
       Punch             |       |     1 |     6 ||     7
Invok: Bend Time         |       |       |     1 ||     1
  Use: Scroll            |       |     2 |     2 ||     4
 Stab: Sleeping          |     3 |       |       ||     3
  Eat: Chunk             |     2 |     6 |    11 ||    19
Armor: Leather armour    |     8 |       |       ||     8
       Ring mail         |    18 |     4 |       ||    22
       Scale mail        |       |    77 |   145 ||   222
       Plate armour      |       |       |    16 ||    16
Dodge: Dodged            |    82 |   146 |   260 ||   488
